 Dungeon Crawl Stone Soup version 0.20.1-1-g8b1a95d (webtiles) character file.

60 dvd the Cutter (level 4, -5/29 HPs)
             Began as a Kobold Berserker on Sept 2, 2017.
             Was a Believer of Trog.
             Slain by Sigmund
             ... wielding a +0 scythe
              (9 damage)
             ... on level 2 of the Dungeon.
             The game lasted 00:04:27 (1371 turns).

dvd the Cutter (Kobold Berserker)                   Turns: 1371, Time: 00:04:28

Health: -5/29      AC:  2    Str: 20    XL:     4   Next: 24%
Magic:  4/4        EV: 15    Int:  8    God:    Trog [**....]
Gold:   112        SH:  0    Dex: 14    Spells: 3/3 levels left

rFire    . . .     SeeInvis .   i - +2 dagger (venom)
rCold    . . .     Gourm    .   (shield restricted)
rNeg     . . .     Faith    .   b - +0 animal skin
rPois    .         Spirit   .   (no helmet)
rElec    .         Reflect  .   (no cloak)
rCorr    .         Harm     .   (no gloves)
MR       +....                  (no boots)
Stlth    +.........             (no amulet)
Regen    0.1/turn               (no ring)
MPRegen  0.1/turn               (no ring)

@: confused, mighty, berserk cooldown, slowed, very slow
A: talons 1, carnivore 3, magic resistance 1
a: Berserk, Trog's Hand, Burn Spellbooks, Renounce Religion


You were on level 2 of the Dungeon.
You worshipped Trog.
Trog was pleased with you.
You were completely stuffed.

You visited 1 branch of the dungeon, and saw 2 of its levels.

You collected 112 gold pieces.

Inventory:

Hand Weapons
 a - a +0 short sword
 d - a +0 dagger of protection
 i - a +2 dagger of venom (weapon)
Missiles
 m - 8 bolts
Armour
 b - a +0 animal skin (worn)
Scrolls
 e - 3 scrolls of identify {unknown}
 f - a scroll of recharging {unknown}
 g - a scroll of teleportation {unknown}
 h - a scroll of amnesia {unknown}
 l - a scroll of fear {unknown}
 n - a scroll of remove curse {unknown}
 o - 2 scrolls of immolation {unknown}
 p - a scroll of enchant weapon {unknown}
Comestibles
 c - a meat ration
 j - 3 chunks of flesh


   Skills:
 + Level 4.1 Fighting
 + Level 4.7 Short Blades
 + Level 1.9 Armour
 + Level 3.1 Dodging
 + Level 0.4 Stealth


You had 3 spell levels left.
You didn't know any spells.

Dungeon Overview and Level Annotations

Branches:
Dungeon (2/15)

Altars:
Qazlal
Yredelemnul

Annotations:
D:2 Sigmund


Innate Abilities, Weirdness & Mutations

You are small and have problems with some larger weapons.
You are carnivorous and can eat meat at any time.
You have sharp toenails.
You are resistant to hostile enchantments. (MR+)


Message History

Unknown command.
Sigmund barely misses you.
Sigmund hits you from afar with a scythe.
* * * LOW HITPOINT WARNING * * *
You're too confused!
Unknown command.
You feel less confused. Sigmund casts a spell at you.
You are confused.
Unknown command.
You're too confused!
Unknown command.
Sigmund completely misses you. Sigmund closely misses you.
You feel less confused.
Sigmund points at you and mumbles some strange words.
You are confused.
You bump into the tree.
Sigmund barely misses you. Sigmund hits you with a scythe!
You die...

#....♣♣≈≈≈≈≈♣≈♣≈..
####....≈≈≈P♣≈≈≈P♣♣..
#......≈♣≈P≈≈≈P≈P♣≈..
#......≈♣≈♣≈≈P♣≈≈≈≈≈.
#.(....≈♣≈≈≈P≈≈≈♣≈≈♣.
#......≈♣≈P≈≈≈≈≈≈♣≈≈.
#...).≈≈≈≈♣≈≈≈≈≈≈≈P≈.
#....@≈♣≈≈P≈≈≈≈≈≈≈≈P≈
#...@.≈♣≈≈≈≈≈≈≈≈≈♣≈♣♣
#####.♣♣≈≈≈≈≈≈≈≈≈≈P♣≈
#.≈≈≈≈≈≈≈≈≈≈≈≈≈♣≈
#.≈♣≈≈≈≈≈≈≈≈≈≈♣≈♣
#.≈♣ ≈≈≈≈≈≈≈≈≈≈≈♣
#.♣♣♣≈≈≈≈≈≈≈≈≈P≈≈
#.P≈≈≈≈≈≈≈≈≈≈≈≈♣♣
#..♣≈≈≈≈≈≈≈≈≈≈♣♣≈
##.≈♣≈≈≈≈≈≈≈≈≈♣♣.


You could see Sigmund.

Vanquished Creatures
  An adder (D:2)
  2 dart slugs (D:2)
  A leopard gecko (D:2)
  4 giant cockroaches
  5 goblins
  5 hobgoblins
  4 jackals (D:1)
  5 kobolds
  4 bats
  2 frilled lizards
  7 rats
40 creatures vanquished.

Notes
Turn   | Place    | Note
-------+----------+-------------------------------------------
     0 | D:1      | dvd the Kobold Berserker began the quest for the Orb.
     0 | D:1      | Reached XP level 1. HP: 14/14 MP: 1/1
    35 | D:1      | Reached XP level 2. HP: 13/19 MP: 2/2
   400 | D:1      | Reached XP level 3. HP: 24/24 MP: 3/3
   866 | D:2      | Reached ** piety under Trog
   919 | D:2      | Found a basalt altar of Yredelemnul.
  1200 | D:2      | Reached XP level 4. HP: 25/29 MP: 4/4
  1270 | D:2      | Found a stormy altar of Qazlal.
  1351 | D:2      | Noticed Sigmund
  1360 | D:2      | Gained mutation: You have sharp toenails. [potion of mutation]
  1360 | D:2      | Gained mutation: You are resistant to hostile enchantments. (MR+) [potion of mutation]
  1371 | D:2      | Slain by Sigmund

Skill      XL: |  1  2  3 |
---------------+----------+-----
Dodging        | 3 |  3.1
Fighting       | 4 |  4.1
Short Blades   | |  4.7
Armour         | |  1.9
Stealth        | |  0.4

Action                   |  1- 3 |  4- 6 || total
-------------------------+-------+-------++-------
Melee: Short sword       |    55 |       ||    55
       Dagger            |    68 |     8 ||    76
Invok: Berserk           |     1 |     1 ||     2
  Use: Potion            |       |     2 ||     2
 Stab: Sleeping          |     1 |       ||     1
  Eat: Chunk             |    10 |     1 ||    11
Armor: Animal skin       |    18 |     3 ||    21
Dodge: Dodged            |    87 |    14 ||   101
